 Dungeon Crawl Stone Soup version 0.29-a0-551-gffc1d7fb78 (webtiles) character file.

Game seed: 2947581702633704734

21284 Armakuni the Basher (level 13, -9/111 (113) HPs)
             Began as a Meteoran Wanderer on June 4, 2022.
             Was a Priest of Elyvilon.
             Mangled by a death scarab (22 damage)
             ... in a Gauntlet on June 5, 2022.
             The game lasted 00:55:16 (11757 turns).

Armakuni the Basher (Meteoran Wanderer)            Turns: 11757, Time: 00:55:17

HP:   -9/111 (113)  AC: 15    Str: 19    XL:     13   Next: 49%
MP:   21/21         EV: 11    Int: 17    God:    Elyvilon [***...]
Gold: 828           SH:  6    Dex: 14    Spells: 18/22 levels left

rFire   . . .      SeeInvis .   a - +6 flail (venom)
rCold   . . .      Faith    .   m - +1 buckler
rNeg    . . .      Spirit   .   e - +1 ring mail of Feasting {Will+ Regen+ rCorr Int+3}
rPois   .          Reflect  .   C - +0 helmet
rElec   .          Harm     .   (no cloak)
rCorr   +          Rampage  .   w - +0 pair of gloves
Will    +++..      NoTele   +   (no boots)
Stlth   +.........              (no amulet)
HPRegen 1.08/turn               A - +4 ring of protection
MPRegen 0.17/turn               W - ring of willpower

@: slowed, glowing, lightly drained, very slow
A: sense surroundings 2, otherworldly, glowing, explore regen
a: Renounce Religion, Purification, Heal Other, Heal Self


You were in a Gauntlet.
You worshipped Elyvilon.
Elyvilon was most pleased with you.
You visited 3 branches of the dungeon, and saw 15 of its levels.
You also visited: Gauntlet.

You collected 1068 gold pieces.
You spent 240 gold pieces at shops.

Inventory:

Hand Weapons
 a - a +6 flail of venom (weapon)
 d - a +4 scimitar of flaming
Missiles
 c - 7 boomerangs
 g - 15 javelins
 k - a boomerang of dispersal
 l - 2 throwing nets (quivered)
 p - 5 curare-tipped darts
 B - 26 poisoned darts
Armour
 e - the +1 ring mail of Feasting (worn) {Will+ Regen+ rCorr Int+3}
   (You found it on level 6 of the Dungeon)

   Int:       It affects your intelligence (+3).
   Regen:     It increases your rate of health regeneration.
   rCorr:     It protects you from acid and corrosion.
   Will:      It increases your willpower.
 m - a +1 buckler (worn)
 w - a +0 pair of gloves (worn)
 C - a +0 helmet (worn)
 I - +0 acid dragon scales
Magical Staves
 b - a staff of air
 s - a staff of cold
Jewellery
 y - a ring of ice
 A - a +4 ring of protection (left hand)
 J - a ring of protection from cold
 K - a ring of resist corrosion
 L - the ring of Otelant {rPois Will- Str+7 Int+6 SInv}
   (You found it on level 11 of the Dungeon)

   [ring of intelligence]

   Str:       It affects your strength (+7).
   Int:       It affects your intelligence (+6).
   rPois:     It protects you from poison.
   SInv:      It lets you see invisible.
   Will:      It decreases your willpower.
 W - a ring of willpower (right hand)
Wands
 h - a wand of acid (11)
 v - a wand of flame (18)
 N - a wand of polymorph (4)
 Q - a wand of digging (3)
Scrolls
 j - 2 scrolls of noise
 n - 2 scrolls of fog
 t - 4 scrolls of teleportation
 x - 3 scrolls of poison
 D - 4 scrolls of enchant armour
 E - a scroll of immolation
 P - 2 scrolls of vulnerability
Potions
 f - 3 potions of brilliance
 i - 2 potions of lignification
 o - 3 potions of mutation
 q - 6 potions of curing
 r - 2 potions of flight
 u - 2 potions of cancellation
 z - a potion of magic {unknown}
 F - 2 potions of might
 G - a potion of invisibility {unknown}
 H - 2 potions of resistance
 O - 3 potions of ambrosia
Miscellaneous
 M - a tin of tremorstones (1/2)


   Skills:
 - Level 10.0 Fighting
 - Level 14.0 Maces & Flails
 + Level 5.6 Throwing
 - Level 10.0 Armour
 - Level 3.0 Dodging
 - Level 4.0 Shields
 - Level 5.0 Spellcasting
 - Level 1.0 Transmutations
 - Level 5.0 Poison Magic
 - Level 10.0 Invocations
 - Level 10.0 Evocations


You had 18 spell levels left.
You knew the following spells:

 Your Spells              Type           Power      Damage    Failure   Level
m - Mephitic Cloud        Conj/Pois/Air  9%         N/A       41%         3
z - Sting                 Tmut/Pois      56%        1d5       9%          1

Your spell library contained the following spells:

 Spells                   Type           Power      Damage    Failure   Level
 Slow                     Hex            16%        N/A       28%         1
 Confusing Touch          Hex            4%         N/A       65%         3
 Portal Projectile        Hex/Tloc       8%         N/A       65%         3
 Tukima's Dance           Hex            4%         N/A       65%         3
 Vampiric Draining        Necr           4%         2d6       65%         3
 Corpse Rot               Necr/Pois/Air  9%         N/A       83%         4
 Petrify                  Tmut/Erth      5%         N/A       93%         4
 Animate Armour           Summ/Erth      8%         N/A       96%         4
 Blade Hands              Tmut           3%         N/A       99%         5
 Fireball                 Conj/Fire      2%         3d4       100%        5
 Iskenderun's Battlesphe  Conj           4%         2d6       100%        5
 Metabolic Englaciation   Hex/Ice        2%         N/A       100%        5
 Conjure Ball Lightning   Conj/Air       2%         3x3d6     100%        6
 Iron Shot                Conj/Erth      2%         9d2       100%        6
 Statue Form              Tmut/Erth      3%         N/A       100%        6
 Orb of Destruction       Conj           2%         9d5       100%        7


Dungeon Overview and Level Annotations

Branches:
Dungeon (13/15)            Temple (1/1) D:4            Lair (1/6) D:8
    Orc (0/2) D:10        Gauntlet (1/1)
 Vaults: D:13-14

Altars:
Ashenzari
Cheibriados
Dithmenos
Elyvilon
Fedhas
Gozag
Hepliaklqana
Kikubaaqudgha
Makhleb
Nemelex Xobeh
Okawaru
Qazlal
Ru
Sif Muna
Trog
Uskayaw
Vehumet
Wu Jian
Xom
Yredelemnul
Zin
The Shining One

Shops:
D:12 *

Portals:
Abyss: D:6

Annotations:
D:6 2 transporters, Finra's ghost, novice GrBe
D:8 3 runed translucent doors, initializr's ghost, novice DEEE Gauntlet 10 transporters, 5 runed translucent doors


Innate Abilities, Weirdness & Mutations

You passively map the area around you.
You are easily found by Zot.
You glow in the dark.
You regain HP and MP as you explore.


Message History

The death scarab drains your vigour!
You feel as though you will be slow longer.
The death scarab draws strength from your injuries!
The death scarab bites you but does no damage.
The death scarab bites you! The death scarab drains your vigour!
You feel as though you will be slow longer.
The death scarab draws strength from your injuries!
The death scarab attacks as you move away!
The death scarab bites you!
* * * LOW HITPOINT WARNING * * *
The death scarab draws strength from your injuries!
The spectral komodo dragon attacks as you move away!
The spectral komodo dragon bites you.
* * * LOW HITPOINT WARNING * * *
You feel drained. The death scarab closely misses you.
There is a transporter here.
You enter the transporter and appear at another place.
The death scarab bites you but does no damage.
You block the death scarab's attack. The death scarab bites you!
* * * LOW HITPOINT WARNING * * *
The death scarab draws strength from your injuries!
The spectral komodo dragon bites you!
* * * LOW HITPOINT WARNING * * *
The death scarab bites you!! Elyvilon protects you from harm!
The death scarab draws strength from your injuries!
The spectral komodo dragon completely misses you.
You closely miss the death scarab. The death scarab barely misses you.
The death scarab bites you!! Elyvilon protects you from harm!
The death scarab draws strength from your injuries!
The spectral komodo dragon barely misses you.
You thump the death scarab!
The death scarab is moderately damaged.
The death scarab closely misses you. x2; The spectral komodo dragon bites you!
* * * LOW HITPOINT WARNING * * *
You sock the death scarab!
The death scarab is severely damaged.
The death scarab bites you!!
You die...

# ### ### ### ### ### ### ##
###≈###≈###≈###≈###≈###≈###≈##
≈#≈≈≈#≈≈≈#≈≈≈#≈≈≈#≈≈≈#≈≈≈#≈≈≈#
...........................≈#
##...#########...#########.##
.#.8.###w..###.8.#.......#.≈##
.#...###!..###...#$.#.#..#.≈≈#
#######.+##..#####..#.#..#.≈##
##©.©#w.#©#.w#©Z@#©.#©#..#§##
.#.8.##?##+..#.8B#..#.#..#..##
.#...###...###...#..#.#..#...##
..###.8.#.......#.∩.≈## * *
#####...#########...≈≈## , ,
......8.#.........8.≈≈≈# * ,,
*** #####...#########...≈≈##
....#.8.#.[#5...#.∩.≈##
.#...#?##.##.#...#!.#.##.#...##


You could see a spectral komodo dragon, a swamp worm, a death scarab and an iron
imp.

Vanquished Creatures
  A boulder beetle (D:12)
  Erica (D:8)
  2 centaur warriors
  3 two-headed ogres
  The ghost of Seraphu the Spry, a journeyman SpHu of Gozag (D:11)
  Urug (D:11)
  Pikel (D:5)
  A deep elf pyromancer (D:12)
  3 cyclopes
  A manticore (D:12)
  A gargoyle (D:12)
  Maggie (D:7)
  3 kobold demonologists
  A komodo dragon (D:12)
  Psyche (D:8)
  2 trolls
  4 slime creatures (D:12)
  Prince Ribbit (D:8)
  3 yaks (D:10)
  Sigmund (D:2)
  A wyvern (D:9)
  A vampire (D:11)
  A basilisk (D:11)
  Grum (D:8)
  4 steam dragons
  4 vampire mosquitoes
  A warg (D:10)
  Edmund (D:5)
  A water moccasin (D:6)
  Duvessa (D:5)
  An acid dragon (D:10)
  2 orc warriors (D:10)
  A black bear (D:6)
  A sky beast (D:6)
  2 ice beasts
  2 ogres
  4 centaurs
  4 wolves (D:8)
  3 phantoms
  6 kobold brigands
  4 bullfrogs
  2 gnoll sergeants
  A scorpion (D:7)
  2 necrophages
  14 wights
  Dowan (D:5)
  19 killer bees
  8 howler monkeys
  4 jellies
  2 quasits (D:11)
  2 gnoll shamans
  6 hounds
  7 orc priests
  4 iguanas
  Terence (D:3)
  Jessica (D:2)
  Natasha (thrice) (D:2)
  11 orc wizards
  Robin (D:2)
  20 gnolls
  7 adders
  A shadow imp (D:7)
  2 white imps (D:6)
  An ufetubus (D:7)
  6 worms
  42 orcs
  6 ball pythons
  9 bats
  8 endoplasms
  3 giant cockroaches
  15 goblins
  11 hobgoblins
  3 jackals (D:5)
  7 quokkas
  10 kobolds
  5 rats
324 creatures vanquished.

Vanquished Creatures (others)
  A gnoll (D:5)
  2 orcs
  A kobold (D:8)
  2 plants (D:8)
  A withered plant (Gauntlet)
7 creatures vanquished.

Grand Total: 331 creatures vanquished

Notes
Turn   | Place    | Note
-------+----------+-------------------------------------------
     0 | D:1      | Armakuni the Meteoran Wanderer began the quest for the Orb.
     0 | D:1      | Armakuni set off with the following items: a +0 mace, a +0
                  | buckler, a potion of heal wounds, a +0 robe; and the
                  | following spell memorised: Sting; and the following spells
                  | available to memorise: Mephitic Cloud, Corpse Rot
     0 | D:1      | Reached XP level 1. HP: 19/19 MP: 3/3
    69 | D:1      | Reached XP level 2. HP: 18/26 MP: 5/5
    73 | D:1      | Reached skill level 3 in Maces & Flails
   124 | D:1      | Learned a level 1 spell: Sting
   254 | D:1      | Reached XP level 3. HP: 24/33 MP: 6/6
   346 | D:1      | Found a faded altar of an unknown god.
   506 | D:2      | Noticed Jessica
   512 | D:2      | Killed Jessica
   513 | D:2      | Reached XP level 4. HP: 40/40 MP: 7/7
   513 | D:2      | Noticed Natasha
   554 | D:2      | Killed Natasha
   555 | D:2      | Reached skill level 4 in Maces & Flails
   555 | D:2      | Reached XP level 5. HP: 27/46 MP: 8/8
   783 | D:2      | Noticed Sigmund
   806 | D:2      | HP: 1/46 [something/magic dart (11)]
   809 | D:2      | Killed Sigmund
   810 | D:2      | Reached skill level 5 in Fighting
   810 | D:2      | Reached skill level 5 in Maces & Flails
   810 | D:2      | Reached XP level 6. HP: 13/56 MP: 2/9
  1047 | D:3      | Reached skill level 1 in Armour
  1047 | D:3      | Reached skill level 1 in Dodging
  1489 | D:3      | Reached XP level 7. HP: 52/61 MP: 7/10
  1591 | D:2      | Noticed Terence
  1609 | D:3      | Killed Terence
  1895 | D:4      | Found a sacrificial altar of Ru.
  1909 | D:4      | Reached skill level 1 in Transmutations
  1965 | D:5      | Entered Level 5 of the Dungeon
  1973 | D:5      | Reached skill level 5 in Poison Magic
  1974 | D:5      | Reached XP level 8. HP: 68/68 MP: 11/11
  2218 | D:4      | Found a staircase to the Ecumenical Temple.
  2258 | Temple   | Entered the Ecumenical Temple
  2335 | Temple   | Became a worshipper of Elyvilon the Healer
  2536 | D:5      | Noticed Edmund
  2549 | D:5      | Killed Edmund
  2550 | D:5      | Reached skill level 6 in Maces & Flails
  2607 | D:5      | Reached skill level 7 in Maces & Flails
  2768 | D:5      | Noticed Dowan
  2787 | D:5      | Killed Dowan
  2788 | D:5      | Gained mutation: You passively map the area around you.
                  | [Meteoran growth]
  2788 | D:5      | Reached XP level 9. HP: 70/78 MP: 12/12
  2792 | D:5      | Noticed Duvessa
  2898 | D:6      | Reached skill level 8 in Maces & Flails
  2921 | D:6      | Reached * piety under Elyvilon
  2979 | D:6      | Reached skill level 9 in Maces & Flails
  3019 | D:6      | Reached skill level 1 in Invocations
  3243 | D:6      | Identified the +1 ring mail of Feasting {Will+ Regen+ rCorr
                  | Int+3}
  3301 | D:6      | Found an ornate altar of the Wu Jian Council.
  3344 | D:6      | Noticed a purple ugly thing
  3348 | D:6      | Found a transporter.
  3355 | D:6      | Found a one-way gate to the infinite horrors of the Abyss.
  3355 | D:6      | Noticed Finra's ghost (novice GrBe)
  3363 | D:6      | Found a transporter.
  3381 | D:6      | Noticed a hellwing
  3425 | D:7      | Reached XP level 10. HP: 90/90 MP: 10/13
  3427 | D:7      | Reached skill level 10 in Maces & Flails
  3568 | D:7      | Noticed a two-headed ogre
  3579 | D:7      | Killed a two-headed ogre
  3591 | D:7      | Reached ** piety under Elyvilon
  3670 | D:7      | Learned a level 3 spell: Mephitic Cloud
  3690 | D:7      | Reached skill level 5 in Invocations
  3775 | D:7      | Noticed Maggie
  3806 | D:7      | Killed Maggie
  3807 | D:7      | Reached skill level 11 in Maces & Flails
  3875 | D:7      | Reached skill level 10 in Fighting
  4087 | D:8      | Reached skill level 12 in Maces & Flails
  4164 | D:8      | Noticed Erica
  4175 | D:8      | Noticed Psyche
  4313 | D:8      | Killed Psyche
  4380 | D:8      | Reached XP level 11. HP: 99/99 MP: 16/16
  4387 | D:8      | Noticed Prince Ribbit
  4403 | D:8      | Killed Prince Ribbit
  4463 | D:8      | Killed Erica
  4464 | D:8      | Reached skill level 13 in Maces & Flails
  4482 | D:8      | Noticed Grum
  4494 | D:8      | Killed Grum
  4495 | D:8      | Reached skill level 5 in Spellcasting
  4515 | D:8      | Reached *** piety under Elyvilon
  4534 | D:8      | Found a runed translucent gate.
  4534 | D:8      | Found a runed translucent gate.
  4534 | D:8      | Found a runed translucent gate.
  4536 | D:8      | Noticed a red ugly thing
  4538 | D:8      | Noticed a brown ugly thing
  4539 | D:8      | Noticed a white ugly thing
  4629 | D:8      | Reached skill level 5 in Armour
  4645 | D:8      | Found a staircase to the Lair.
  5144 | D:9      | Noticed a two-headed ogre
  5154 | D:9      | Killed a two-headed ogre
  5155 | D:9      | Reached skill level 14 in Maces & Flails
  5175 | D:9      | Reached **** piety under Elyvilon
  5341 | D:9      | Glimpsed the power of Zot.
  5391 | D:9      | Glimpsed the power of Zot.
  5431 | D:9      | Glimpsed the power of Zot.
  5440 | D:9      | Glimpsed the power of Zot.
  5441 | D:9      | Touched by the power of Zot.
  5442 | D:9      | Noticed a two-headed ogre
  5455 | D:9      | Killed a two-headed ogre
  5543 | D:9      | Glimpsed the power of Zot.
  5594 | D:9      | Glimpsed the power of Zot.
  5634 | D:9      | Glimpsed the power of Zot.
  5643 | D:9      | Touched by the power of Zot.
  5744 | D:9      | Glimpsed the power of Zot.
  5800 | D:9      | Glimpsed the power of Zot.
  5840 | D:9      | Glimpsed the power of Zot.
  5849 | D:9      | Glimpsed the power of Zot.
  5850 | D:9      | Touched by the power of Zot.
  5951 | D:9      | Glimpsed the power of Zot.
  6005 | D:9      | Glimpsed the power of Zot.
  6045 | D:9      | Glimpsed the power of Zot.
  6054 | D:9      | Glimpsed the power of Zot.
  6055 | D:9      | Touched by the power of Zot.
  6135 | Lair:1   | Entered Level 1 of the Lair of Beasts
  6157 | D:8      | Glimpsed the power of Zot.
  6207 | D:7      | Glimpsed the power of Zot.
  6247 | D:7      | Glimpsed the power of Zot.
  6256 | D:7      | Glimpsed the power of Zot.
  6257 | D:7      | Touched by the power of Zot.
  6358 | D:7      | Glimpsed the power of Zot.
  6407 | D:6      | Glimpsed the power of Zot.
  6450 | D:6      | Glimpsed the power of Zot.
  6459 | D:6      | Glimpsed the power of Zot.
  6460 | D:6      | Touched by the power of Zot.
  6561 | D:6      | Glimpsed the power of Zot.
  6611 | D:6      | Glimpsed the power of Zot.
  6651 | D:6      | Glimpsed the power of Zot.
  6660 | D:6      | Touched by the power of Zot.
  6761 | D:5      | Glimpsed the power of Zot.
  6804 | D:5      | Noticed Pikel
  6810 | D:5      | Glimpsed the power of Zot.
  6822 | D:5      | Killed Pikel
  6858 | D:5      | Glimpsed the power of Zot.
  6867 | D:5      | Glimpsed the power of Zot.
  6868 | D:5      | Touched by the power of Zot.
  6969 | D:5      | Glimpsed the power of Zot.
  6991 | D:5      | Reached skill level 10 in Invocations
  6991 | D:5      | Reached XP level 12. HP: 57/106 MP: 20/20
  7023 | D:5      | Glimpsed the power of Zot.
  7063 | D:5      | Glimpsed the power of Zot.
  7072 | D:5      | Glimpsed the power of Zot.
  7073 | D:5      | Touched by the power of Zot.
  7173 | D:4      | Glimpsed the power of Zot.
  7223 | D:4      | Glimpsed the power of Zot.
  7263 | D:4      | Glimpsed the power of Zot.
  7272 | D:4      | Glimpsed the power of Zot.
  7273 | D:4      | Touched by the power of Zot.
  7374 | D:4      | Glimpsed the power of Zot.
  7423 | D:3      | Glimpsed the power of Zot.
  7463 | D:3      | Glimpsed the power of Zot.
  7473 | D:3      | Glimpsed the power of Zot.
  7474 | D:3      | Touched by the power of Zot.
  7576 | D:3      | Glimpsed the power of Zot.
  7627 | D:3      | Glimpsed the power of Zot.
  7666 | D:2      | Noticed Robin
  7666 | D:2      | Glimpsed the power of Zot.
  7676 | D:2      | Killed Robin
  7678 | D:2      | Glimpsed the power of Zot.
  7679 | D:2      | Touched by the power of Zot.
  7783 | D:2      | Glimpsed the power of Zot.
  7824 | D:2      | Noticed Natasha
  7831 | D:2      | Killed Natasha
  7834 | D:2      | Glimpsed the power of Zot.
  7874 | D:2      | Glimpsed the power of Zot.
  7883 | D:2      | Glimpsed the power of Zot.
  7884 | D:2      | Touched by the power of Zot.
  7980 | D:2      | Noticed Natasha
  7985 | D:2      | Glimpsed the power of Zot.
  7986 | D:2      | Killed Natasha
  8035 | D:2      | Glimpsed the power of Zot.
  8075 | D:2      | Glimpsed the power of Zot.
  8084 | D:2      | Glimpsed the power of Zot.
  8085 | D:2      | Touched by the power of Zot.
  8186 | D:2      | Glimpsed the power of Zot.
  8236 | D:2      | Glimpsed the power of Zot.
  8277 | D:2      | Glimpsed the power of Zot.
  8286 | D:2      | Glimpsed the power of Zot.
  8287 | D:2      | Touched by the power of Zot.
  8599 | D:5      | Glimpsed the power of Zot.
  8617 | D:5      | Killed Duvessa
  8618 | D:5      | Reached skill level 1 in Evocations
  8653 | D:6      | Glimpsed the power of Zot.
  8692 | D:7      | Glimpsed the power of Zot.
  8701 | D:7      | Glimpsed the power of Zot.
  8702 | D:7      | Touched by the power of Zot.
  8802 | D:8      | Glimpsed the power of Zot.
  8835 | D:8      | Found a runed translucent gate.
  8835 | D:8      | Found a runed translucent gate.
  8836 | D:8      | Noticed initializr's ghost (novice DEEE)
  8840 | D:8      | Found a runed translucent gate.
  8852 | D:8      | Glimpsed the power of Zot.
  8892 | D:9      | Glimpsed the power of Zot.
  8901 | D:9      | Touched by the power of Zot.
  8907 | D:10     | Entered Level 10 of the Dungeon
  8947 | D:10     | Noticed a soul eater
  9045 | D:10     | Upgraded the game from 0.29-a0-542-g075992c915 to
                  | 0.29-a0-551-gffc1d7fb78
  9174 | D:10     | Reached skill level 5 in Evocations
  9218 | D:10     | Found a staircase to the Orcish Mines.
  9644 | D:10     | Glimpsed the power of Zot.
  9694 | D:10     | Glimpsed the power of Zot.
  9734 | D:10     | Glimpsed the power of Zot.
  9743 | D:10     | Glimpsed the power of Zot.
  9744 | D:10     | Touched by the power of Zot.
  9849 | D:10     | Glimpsed the power of Zot.
  9899 | D:10     | Glimpsed the power of Zot.
  9939 | D:10     | Glimpsed the power of Zot.
  9948 | D:10     | Glimpsed the power of Zot.
  9949 | D:10     | Touched by the power of Zot.
 10144 | D:11     | Noticed a centaur warrior
 10153 | D:11     | Killed a centaur warrior
 10176 | D:11     | Found a transporter.
 10187 | D:11     | Noticed Seraphu's ghost (journeyman SpHu)
 10194 | D:11     | Noticed Urug
 10213 | D:11     | Killed Urug
 10580 | D:11     | Found a transporter.
 10686 | D:11     | Glimpsed the power of Zot.
 10687 | D:11     | Killed Seraphu's ghost
 10688 | D:11     | Reached XP level 13. HP: 106/113 MP: 21/21
 10689 | D:11     | Identified the ring of Otelant {rPois Will- Str+7 Int+6
                  | SInv}
 10736 | D:11     | Glimpsed the power of Zot.
 10776 | D:11     | Glimpsed the power of Zot.
 10785 | D:11     | Glimpsed the power of Zot.
 10786 | D:11     | Touched by the power of Zot.
 10887 | D:11     | Glimpsed the power of Zot.
 11062 | D:12     | Reached skill level 10 in Armour
 11208 | D:12     | Noticed a boulder beetle
 11220 | D:12     | Killed a boulder beetle
 11324 | D:12     | Reached skill level 10 in Evocations
 11368 | D:12     | Found Weiryph's General Store.
 11374 | D:12     | Bought a potion of mutation for 96 gold pieces
 11374 | D:12     | Bought a scroll of identify for 24 gold pieces
 11374 | D:12     | Bought a scroll of identify for 24 gold pieces
 11374 | D:12     | Bought a potion of cancellation for 96 gold pieces
 11518 | D:12     | Glimpsed the power of Zot.
 11568 | D:12     | Glimpsed the power of Zot.
 11589 | D:13     | Noticed a centaur warrior
 11600 | D:13     | Killed a centaur warrior
 11601 | D:13     | Reached skill level 5 in Throwing
 11604 | D:13     | Found a gate leading to a gauntlet.
 11624 | Gauntlet | Entered a Gauntlet
 11624 | Gauntlet | Found a transporter.
 11624 | Gauntlet | Found a runed translucent gate.
 11624 | Gauntlet | Found a transporter.
 11625 | Gauntlet | Noticed a death scarab
 11635 | Gauntlet | Found a transporter.
 11636 | Gauntlet | Found a transporter.
 11640 | Gauntlet | Found a runed translucent door.
 11642 | Gauntlet | Found a runed translucent door.
 11644 | Gauntlet | Found a transporter.
 11648 | Gauntlet | Found a transporter.
 11651 | Gauntlet | Noticed an entropy weaver
 11656 | Gauntlet | Found a transporter.
 11673 | Gauntlet | Found a transporter.
 11674 | Gauntlet | Noticed a reaper
 11687 | Gauntlet | Found a transporter.
 11691 | Gauntlet | Found a transporter.
 11699 | Gauntlet | Found a transporter.
 11703 | Gauntlet | Found a transporter.
 11705 | Gauntlet | Found a runed translucent gate.
 11705 | Gauntlet | Found a runed translucent gate.
 11754 | Gauntlet | Elyvilon protects you from harm!
 11755 | Gauntlet | Elyvilon protects you from harm!
 11757 | Gauntlet | Mangled by a death scarab

Illustrated notes

Levels and vault maps discovered:
D:1:      lightli_arrival_noodles, layout_rooms,
          hellmonk_ecumenical_altar_zigzags, serial_corexii_hall,
          corexii_hall_statues_x, corexii_hall_statues_deadend
D:2:      layout_basic, hangedman_decor_opposing, minmay_increasing_density,
          uniq_terence, uniq_natasha, uniq_robin, uniq_sigmund, uniq_jessica
D:3:      minmay_bubble_buster, layout_basic
D:4:      layout_cave_pools, nicolae_ru_sacrificial_ziggurat,
          minmay_temple_entry_proselytizer, portal_sewer_entry_e
D:5:      layout_rooms, uniq_pikel, uniq_duvessa, uniq_edmund
D:6:      layout_basic, gammafunk_ghost_abyssal_escape, minmay_ruined_shrine
D:7:      layout_basic, minmay_a_box_with_orc_wizards_in_it, uniq_maggie
D:8:      hellmonk_destroyed_diamonds, layout_gridville,
          ploomutoo_gammafunk_ghost_potion_laboratory, serial_bayou_crossing,
          uniq_prince_ribbit1, uniq_grum, uniq_psyche, uniq_erica
D:9:      layout_grid_maze
D:10:     layout_gridville, erik_orc_3
D:11:     layout_irregular_city, gammafunk_ghost_stat_death, uniq_urug
D:12:     layout_small_grid, serial_shops, shop
D:13:     layout_rooms, erik_vaults_2, gauntlet_entry_generic,
          kennysheep_small_spiral, hex_large, ashenzari_altar_1
Temple:   mainiacjoe_temple_circle_huts
Lair:1:   layout_long_grid, minmay_hedge_maze, minivault_11,
          serial_bayou_shore_b
Gauntlet: minmay_gauntlet_77_indecision
          [minmay_gauntlet_arena_77_chump_sandwich,
          minmay_gauntlet_arena_77_run_for_it, minmay_gauntlet_arena_77_cramped,
          minmay_gauntlet_arena_77_braids, minmay_gauntlet_arena_77_two_lines,
          minmay_gauntlet_arena_77_two_paths, gauntlet_exit_green]

Skill      XL: |  1  2  3  4  5  6  7  8  9 10 11 12 13 |
---------------+----------------------------------------+-----
Maces & Flails | 3 4 5 7 9 12 14 | 14.0
Shields        | 2 3 4 |  4.0
Fighting       | 4 5 6 8 10 | 10.0
Armour         | 1 3 5 9 10 | 10.0
Dodging        | 1 3 |  3.0
Transmutations | 1 |  1.0
Poison Magic   | 5 |  5.0
Invocations    | 3 5 10 | 10.0
Spellcasting   | 3 5 |  5.0
Evocations     | 7 10 | 10.0
Throwing       | 5 |  5.6

Action                   |  1- 3 |  4- 6 |  7- 9 | 10-12 | 13-15 || total
-------------------------+-------+-------+-------+-------+-------++-------
Melee: Mace              |    83 |    54 |       |       |       ||   137
       Flail             |       |    38 |   358 |   798 |   135 ||  1329
Throw: Dart              |     3 |       |       |    14 |       ||    17
       Boomerang         |       |       |     6 |       |       ||     6
       Throwing net      |       |       |       |     2 |       ||     2
 Cast: Sting             |       |    16 |    16 |    20 |       ||    52
       Mephitic Cloud    |       |       |       |     9 |       ||     9
Invok: Purification      |       |       |       |    23 |     1 ||    24
       Heal Other        |       |       |       |    15 |       ||    15
       Heal Self         |       |       |       |       |     3 ||     3
Evoke: Wand              |       |       |       |     6 |     2 ||     8
       Tin of tremorston |       |       |       |       |     1 ||     1
  Use: Scroll            |     3 |     5 |     9 |     7 |     4 ||    28
       Potion            |     2 |     4 |     3 |     3 |     1 ||    13
 Stab: Confused          |       |       |       |    10 |       ||    10
       Held in net/web   |       |       |       |     4 |       ||     4
Armor: Robe              |    23 |    13 |       |       |       ||    36
       Ring mail         |       |    29 |   162 |   339 |    56 ||   586
Dodge: Dodged            |    29 |    41 |   153 |   289 |    50 ||   562
Block: Buckler           |    21 |    30 |   108 |   190 |    28 ||   377

Table legend: (Time is in decaauts)
 A = Elapsed time spent in this place.
 B = Non-inter-level travel time spent in this place.
 C = Inter-level travel time spent in this place.
 D = Time resting spent in this place.
 E = Time spent auto-exploring this place.
 F = Levels seen in this place.
 G = Mean time per level.
                   A        B        C        D        E       F      G
               +--------+--------+--------+--------+--------+-----+--------+
         Total |  11659 |  10759 |    900 |    141 |   4547 |  16 |  728.7 |
       Dungeon |  11212 |  10353 |    859 |    141 |   4270 |  13 |  862.5 |
        Temple |    308 |    267 |     41 |      0 |    185 |   1 |  308.0 |
          Lair |      1 |      1 |      0 |      0 |      0 |   1 |    1.0 |
      Gauntlet |    135 |    135 |      0 |      0 |     92 |   1 |  135.0 |
               +--------+--------+--------+--------+--------+-----+--------+

Top non-repeatable levels by time:
     D:3: 1226 daAuts
     D:9: 1212 daAuts
     D:2: 1130 daAuts
     D:8: 1093 daAuts
     D:6: 1017 daAuts
     D:7: 976 daAuts
    D:10: 951 daAuts
    D:11: 899 daAuts
     D:5: 797 daAuts
     D:4: 786 daAuts
    D:12: 593 daAuts
     D:1: 493 daAuts
  Temple: 308 daAuts
Gauntlet: 135 daAuts
    D:13: 34 daAuts
